 Dungeon Crawl Stone Soup version 0.28.0-1-gb440e238dd (webtiles) character file.

Game seed: 18013686962831533530

32 Kaptain the Digger (level 3, -6/22 HPs)
             Began as an Octopode Earth Elementalist on Feb 20, 2022.
             Mangled by Sigmund (13 damage)
             ... on level 2 of the Dungeon.
             The game lasted 00:03:08 (1213 turns).

Kaptain the Digger (Octopode Earth Elementalist)    Turns: 1213, Time: 00:03:09

Health: -6/22      AC:  1    Str:  7    XL:     3   Next: 27%
Magic:  4/6        EV: 13    Int: 19    God:
Gold:   14         SH:  0    Dex: 12    Spells: 6/7 levels left

rFire   . . .      SeeInvis .   h - +0 hunting sling
rCold   . . .      Faith    .   (no shield)
rNeg    . . .      Spirit   .   (helmet restricted)
rPois   .          Reflect  .   (no amulet)
rElec   .          Harm     .   (no ring)
rCorr   .          Rampage  .   (no ring)
Will    .....                   (no ring)
Stlth   +++.......              (no ring)
HPRegen 0.07/turn               (no ring)
MPRegen 0.10/turn               (no ring)
                                (no ring)
                                (no ring)

@: no status effects
A: almost no armour, amphibious, 8 rings, camouflage 1, gelatinous body 1,
(nimble swimmer 1), tentacles
a: no special abilities


You were on level 2 of the Dungeon.
You visited 1 branch of the dungeon, and saw 2 of its levels.

You collected 14 gold pieces.

Inventory:

Hand Weapons
 c - a +0 short sword
 h - a +0 hunting sling (weapon)
Missiles
 b - 3 stones (quivered ammo)
Scrolls
 a - a scroll of enchant armour {unknown}
 d - a scroll of fog {unknown}
 f - 2 scrolls of teleportation {unknown}
 g - 2 scrolls of identify {unknown}
Potions
 e - a potion of degeneration {unknown}


   Skills:
 + Level 0.4 Fighting
 + Level 2.1 Dodging
 + Level 3.1 Stealth
 * Level 2.5 Spellcasting
 - Level 1.0 Transmutations
 * Level 3.5 Earth Magic


You had 6 spell levels left.
You knew the following spells:

 Your Spells              Type           Power      Damage    Failure   Level
a - Sandblast             Erth           30%        2d9       3%          1

Your spell library contained the following spells:

 Spells                   Type           Power      Damage    Failure   Level
 Passwall                 Tmut/Erth      9%         N/A       10%         2
 Foxfire                  Conj/Fire      8%         2x1d4     16%         1
 Slow                     Hex            8%         N/A       16%         1
 Stone Arrow              Conj/Erth      18%        3d8       24%         3
 Confusing Touch          Hex            2%         N/A       43%         3
 Conjure Flame            Conj/Fire      2%         6-21      43%         3
 Inner Flame              Hex/Fire       2%         N/A       43%         3
 Vampiric Draining        Necr           2%         2d6       43%         3
 Petrify                  Tmut/Erth      11%        N/A       54%         4
 Flame Wave               Conj/Fire      2%         2d4       85%         4


Dungeon Overview and Level Annotations

Branches:
Dungeon (2/15)

Altars:

Shops:
D:1 *

Annotations:
D:2 Sigmund


Innate Abilities, Weirdness & Mutations

You cannot wear most types of armour.
You are amphibious.
You can wear up to eight rings at the same time.
Your skin changes colour to match your surroundings (Stealth+).
Your rubbery body absorbs attacks. (AC +1, EV +1)
((You are camouflaged when in or above water. (Stealth+)))
You have tentacles for arms and can constrict up to eight enemies at once.


Message History

Aim: Sigmund, wielding a +0 scythe and wearing a +0 robe (lightly wounded, 52% to hit)
You shoot a stone. The stone hits Sigmund.
Sigmund is moderately wounded.
An endoplasm comes into view.
Fire: 8 stones
Press: ? - help, Q - select action, (/) - cycle Shift-Dir - straight line, f/p - Sigmund
Aim: Sigmund, wielding a +0 scythe and wearing a +0 robe (moderately wounded, 52% to hit)
You shoot a stone. The stone closely misses Sigmund.
The endoplasm quivers.
Fire: 7 stones
Press: ? - help, Q - select action, (/) - cycle Shift-Dir - straight line, f/p - Sigmund
Aim: Sigmund, wielding a +0 scythe and wearing a +0 robe (moderately wounded, 52% to hit)
You shoot a stone. The stone hits Sigmund.
Sigmund is moderately wounded.
Fire: 6 stones
Press: ? - help, Q - select action, (/) - cycle Shift-Dir - straight line, f/p - Sigmund
Aim: Sigmund, wielding a +0 scythe and wearing a +0 robe (moderately wounded, 52% to hit)
You shoot a stone. The stone hits Sigmund.
Sigmund is heavily wounded.
Casting: Sandblast (safe; 3% risk of failure)
Confirm with . or Enter, or press ? or * to list all spells.
Aiming: Sandblast (safe; 3% risk of failure)
Press: ? - help, Shift-Dir - straight line, f/p - Sigmund
Aim: Sigmund, wielding a +0 scythe and wearing a +0 robe (heavily wounded, 77% to hit)
The blast of sand hits Sigmund but does no damage.
Sigmund is heavily wounded.
b - 4 stones Sigmund gestures at you while chanting.
The magic dart hits you!
Ouch! That really hurt!
Casting: Sandblast (safe; 3% risk of failure)
Confirm with . or Enter, or press ? or * to list all spells.
Aiming: Sandblast (safe; 3% risk of failure)
Press: ? - help, Shift-Dir - straight line, f/p - Sigmund
Aim: Sigmund, wielding a +0 scythe and wearing a +0 robe (heavily wounded, 77% to hit)
The blast of sand misses Sigmund.
b - 3 stones Sigmund hits you from afar with a +0 scythe!
Ouch! That really hurt!
You die...

..............##.##...
.....................#
...................#.. #
......#>.........#...#..
......#...........)....(
......#..........###..(.
............##......(...
............##....J(....
............###.@.@.....
............# #.........
............# #......###
............# #......#
............# #......#
.....######## #.....$#
###### #......# #......#


You could see Sigmund and an endoplasm.

Vanquished Creatures
  2 ball pythons
  3 bats (D:1)
  2 endoplasms
  3 giant cockroaches (D:1)
  A goblin (D:1)
  4 hobgoblins
  4 jackals (D:1)
  2 kobolds
  2 frilled lizards (D:2)
  4 rats (D:1)
27 creatures vanquished.

Notes
Turn   | Place    | Note
-------+----------+-------------------------------------------
     0 | D:1      | Kaptain the Octopode Earth Elementalist began the quest for
                  | the Orb.
     0 | D:1      | Reached XP level 1. HP: 11/11 MP: 3/3
   208 | D:1      | Reached XP level 2. HP: 14/17 MP: 1/5
   479 | D:1      | Found Laus's General Store.
   756 | D:1      | Found a faded altar of an unknown god.
   815 | D:1      | Reached XP level 3. HP: 22/22 MP: 6/6
  1205 | D:2      | Noticed Sigmund
  1213 | D:2      | Mangled by Sigmund

Illustrated notes

Levels and vault maps discovered:
D:1:      minmay_arrival_up_and_down, layout_basic, serial_shops, shop,
          hellmonk_ecumenical_altar_pennies_from_heaven
D:2:      layout_basic, supply_closet_lemuel, hangedman_decor_peaks_small,
          uniq_sigmund

Skill      XL: |  1  2 |
---------------+-------+-----
Stealth        | 3 |  3.1
Fighting       | |  0.4
Dodging        | |  2.1
Spellcasting   | |  2.5
Transmutations | |  1.0
Earth Magic    | |  3.5

Action                   || total
-------------------------++-------
Melee: Unarmed           ||     3
       Tentacles         ||     6
       Constrict         ||     8
       Short sword       ||    22
 Fire: Hunting sling     ||    17
 Cast: Sandblast         ||    19
 Stab: Sleeping          ||     5
Armor: Skin              ||     3
Dodge: Dodged            ||    21
